 Dungeon Crawl Stone Soup version 0.26-a0-309-gfa14c3a (webtiles) character file.

Game seed: 6465357067548927521

100 Illumine the Skirmisher (level 4, 0/38 HPs)
             Began as a Palentonga Fighter on July 14, 2020.
             Was an Initiate of Wu Jian.
             Succumbed to an adder's poison
             ... on level 3 of the Dungeon.
             The game lasted 00:07:43 (3005 turns).

Illumine the Skirmisher (Palentonga Fighter)        Turns: 3005, Time: 00:07:43

Health: 0/38       AC:  6    Str: 21    XL:     4   Next: 46%
Magic:  4/4        EV:  5    Int:  8    God:    Wu Jian [......]
Gold:   135        SH:  9    Dex:  9    Spells: 3/3 levels left

rFire    . . .     SeeInvis +     - Unarmed
rCold    . . .     Faith    .   b - +0 kite shield
rNeg     . . .     Spirit   .   a - +0 scale mail
rPois    .         Reflect  .   (no helmet)
rElec    .         Harm     .   (no cloak)
rCorr    .         Rnd*Tele +   (no gloves)
MR       .....                  (boots restricted)
Stlth    ..........             j - amulet of inaccuracy (curse)
HPRegen  0.12/turn              e - ring of teleportation (curse)
MPRegen  0.09/turn              (no ring)

@: lethally poisoned (0 -> -6), stab, very slightly contaminated, invisible
A: large, rugged brown scales 3, see invisible, deformed body, roll, armoured
tail
a: Rolling Charge, Renounce Religion


You were on level 3 of the Dungeon.
You worshipped Wu Jian.
Wu Jian was noncommittal.
You visited 1 branch of the dungeon, and saw 3 of its levels.

You collected 135 gold pieces.

Inventory:

Hand Weapons
 n - a +0 hunting sling
Missiles
 h - 70 stones (quivered)
 k - 12 arrows
 m - 30 bolts
 p - 3 javelins
Armour
 a - a +0 scale mail (worn)
 b - a +0 kite shield (worn)
Jewellery
 e - a cursed ring of teleportation (left hand)
 j - a cursed amulet of inaccuracy (around neck)
Scrolls
 d - 3 scrolls of fog
 g - 3 scrolls of enchant weapon
 l - 2 scrolls of identify
Potions
 q - a potion of magic


   Skills:
 + Level 3.6 Fighting
 - Level 2.6 Armour
 + Level 3.0 Shields
 * Level 3.4 Unarmed Combat


You had 3 spell levels left.
You didn't know any spells.
Your spell library was empty.

Dungeon Overview and Level Annotations

Branches:
Dungeon (3/15)

Altars:
Nemelex Xobeh
Wu Jian
Xom


Innate Abilities, Weirdness & Mutations

You are completely covered in rugged brown scales. (AC +3, +7% HP)
You have supernaturally acute eyesight. (SInv)
Armour fits poorly on your strangely shaped body.
You can roll at foes to attack.
You have a long armoured tail.


Message History

You see here an adder corpse.
* * * LOW HITPOINT WARNING * * *
You feel sick.
It was a potion of stabbing.
You feel ready to backstab.
* * * LOW HITPOINT WARNING * * *
You feel sick.
It was a potion of invisibility.
You fade into invisibility!
* * * LOW HITPOINT WARNING * * *
You feel sick.
You are very lightly contaminated with residual magic.
Okay, then.
There is a lethal amount of poison in your body!
* * * LOW HITPOINT WARNING * * *
You feel sick.
You see here an adder corpse.
* * * LOW HITPOINT WARNING * * *
You feel sick.
You die...

#............>...
#.######.....###. #.#
#.....#### #.#
###.####.) #.# #.# #.#
#†#### #.####.#
#....## #.##.#.#
####.....## #.##>...
#..@......# #.##....
#.....#########.##.##.
##....# #......# .
##.... #.#.#### #
..... #.#.# # ##.....
#.#.# # ##.... #.#.#
## ###... #.#.# #.
#.#.# #..


There were no monsters in sight!

Vanquished Creatures
  3 adders (D:3)
  A dart slug (D:1)
  A leopard gecko (D:1)
  5 orcs (D:3)
  4 giant cockroaches
  9 goblins
  6 hobgoblins
  2 jackals (D:2)
  11 kobolds
  A quokka (D:3)
  6 bats
  3 frilled lizards (D:1)
  8 rats
60 creatures vanquished.

Notes
Turn   | Place    | Note
-------+----------+-------------------------------------------
     0 | D:1      | Illumine the Palentonga Fighter began the quest for the
                  | Orb.
     0 | D:1      | Reached XP level 1. HP: 19/19 MP: 1/1
   119 | D:1      | Reached XP level 2. HP: 23/25 MP: 2/2
  1104 | D:1      | Reached XP level 3. HP: 31/31 MP: 3/3
  1398 | D:2      | Found a sparkling altar of Nemelex Xobeh.
  2085 | D:3      | Found a shimmering altar of Xom.
  2111 | D:3      | Reached XP level 4. HP: 18/37 MP: 4/4
  2364 | D:3      | Found an ornate altar of the Wu Jian Council.
  2369 | D:3      | Became a worshipper of the Wu Jian Council
  3003 | D:3      | HP: 1/38 [poisoned by an adder]
  3005 | D:3      | Succumbed to an adder's poison

Illustrated notes

Levels and vault maps discovered:
D:1:      evilmike_arrival_come_back, layout_basic
D:2:      layout_loops_ring, marbit_many_paths, old_standard_altar
D:3:      layout_rooms, nicolae_tso_carved_into_rock,
          gammafunk_temple_overflow_statue, uniq_sigmund

Skill      XL: |  1  2  3  4 |
---------------+-------------+-----
Unarmed Combat | 3 |  3.4
Shields        | 3 |  3.0
Fighting       | |  3.6
Armour         | |  2.6

Action                   |  1- 3 |  4- 6 || total
-------------------------+-------+-------++-------
Melee: Unarmed           |   290 |   137 ||   427
       Tailslap          |    15 |     7 ||    22
Invok: Lunge             |       |     3 ||     3
 Abil: Rolling Charge    |    27 |     3 ||    30
  Use: Scroll            |     7 |     2 ||     9
       Potion            |     4 |     5 ||     9
Armor: Scale mail        |   121 |    54 ||   175
       Skin              |       |     4 ||     4
Dodge: Dodged            |    60 |    21 ||    81
Block: Kite shield       |   132 |    64 ||   196

Table legend:
 A = Non-vault XP
 B = Vault XP
 C = Vault XP percentage of total XP
 D = Non-vault monster count
 E = Vault monster count
 F = Vault count percentage of total count
                 A         B        C        D         E       F
            +---------+---------+-------+---------+---------+-------
      Total |     141 |       2 |   1.4 |      59 |       1 |   1.7
            +---------+---------+-------+---------+---------+-------
        D:1 |      42 |       0 |   0.0 |      23 |       0 |   0.0
        D:2 |      24 |       2 |   7.7 |      13 |       1 |   7.1
        D:3 |      75 |       0 |   0.0 |      23 |       0 |   0.0
            +---------+---------+-------+---------+---------+-------
